[Event "Titled Tuesday Blitz April 05 Early 2022"]
[White "Tarigan, Gilbert Elroy"]
[Black "Chernov, Mikhail"]
[WhiteFideId "7108133"]
[BlackFideId "24143170"]
[WhiteElo "1908"]
[BlackElo "2189"]
[Result "1/2-1/2"]
[Round "01"]
[TimeControl "180+1"]
[Date "2022.04.05"]
[WhiteClock "0:00:04"]
[BlackClock "0:00:06"]

1. e4 c5 2. Nf3 Nc6 3. Bb5 g6 4. O-O Bg7 5. Nc3 e5 6. d3 Nge7 7. Nd5 O-O 8. c3 d6 9. h3 Nxd5 10. exd5 Ne7 11. Bc4 h6 12. Re1 f5 13. a3 Bd7 14. b4 b6 15. Rb1 Kh7 16. Bd2 Rb8 17. a4 e4 18. dxe4 fxe4 19. Nh2 cxb4 20. cxb4 b5 21. axb5 Bxb5 22. Rxe4 Bxc4 23. Rxc4 Nxd5 24. Bxh6 Bxh6 25. Qxd5 Rc8 26. Ng4 Rxc4 27. Qxc4 Bg7 28. Rd1 Qb6 29. Ne3 Bh6 30. Qh4 Kg7 31. Nd5 Qc6 32. Qd4+ Kh7 33. Re1 Rf7 34. Nf6+ Kg7 35. Nd5+ Kh7 36. b5 Qc5 37. Qxc5 dxc5 38. Re6 Rb7 39. Rc6 Rxb5 40. Rc7+ Bg7 41. Rxa7 c4 42. Ne3 Rc5 43. Ra2 c3 44. Rc2 Bd4 45. g3 Kg7 46. Kg2 Kf6 47. Kf3 Ke5 48. Ke2 Ke4 49. f3+ Ke5 50. Kd3 g5 51. f4+ gxf4 52. gxf4+ Kxf4 53. Kxd4 Rc8 54. Nd5+ Kg3 55. Nxc3 Kxh3 56. Re2 Kg4 57. Ne4 Rd8+ 58. Ke3 Re8 59. Rg2+ Kf5 60. Rg5+ Ke6 61. Ra5 Rb8 62. Nc5+ Kd6 63. Nd3 Kc6 64. Rc5+ Kb6 65. Rh5 Re8+ 66. Kd4 Rd8+ 67. Kc4 Rc8+ 68. Kb4 Rg8 69. Ne5 Rg1 70. Rh6+ Kc7 71. Kc5 Rc1+ 72. Kd5 Rd1+ 73. Kc5 Rc1+ 74. Nc4 Kd7 75. Rh3 Ke6 76. Re3+ Kf5 77. Re2 Kf4 78. Kd4 Rd1+ 79. Nd2 Ra1 80. Rf2+ Kg5 81. Ne4+ Kg6 82. Rf6+ Kg7 83. Rb6 Ra4+ 84. Ke5 Ra5+ 85. Kf4 Kf7 86. Nd6+ Ke7 87. Nc4 Ra4 88. Rc6 Kd7 89. Rc5 Ke7 90. Kf5 Ra1 91. Rc7+ Kd8 92. Rh7 Re1 93. Ne5 Kc8 94. Ke6 Kb8 95. Kd6 Rd1+ 96. Kc5 Rc1+ 97. Nc4 Kc8 98. Rg7 Kd8 99. Kd6 Rd1+ 100. Ke6 Kc8 101. Nd6+ Kb8 102. Rb7+ Ka8 103. Rb2 Rh1 104. Kd7 Rc1 105. Ne4 Ka7 1/2-1/2


[Site "https://www.chess.com"]

[Event "Titled Tuesday Blitz April 05 Early 2022"]
[White "Tasev, Dejan"]
[Black "Mogirzan, Matei-Valeriu"]
[WhiteFideId "936618"]
[BlackFideId "1257455"]
[WhiteElo "2253"]
[BlackElo "1733"]
[Result "0-1"]
[Round "01"]
[TimeControl "180+1"]
[Date "2022.04.05"]
[WhiteClock "0:00:16"]
[BlackClock "0:00:12"]

1. e4 e5 2. Nf3 Nf6 3. Nxe5 Nc6 4. Nf3 Nxe4 5. Nc3 d5 6. d3 Nxc3 7. bxc3 Bg4 8. Be2 Bd6 9. h3 Bf5 10. O-O Qd7 11. Re1 O-O-O 12. Bf1 f6 13. Rb1 g5 14. Nd4 Nxd4 15. cxd4 h5 16. Be3 g4 17. h4 g3 18. fxg3 Bxg3 19. Bf2 Bxf2+ 20. Kxf2 Qd6 21. Qf3 Bg4 22. Qg3 Qxg3+ 23. Kxg3 Rde8 24. Kf4 b6 25. g3 Kd7 26. Bg2 c6 27. c4 Kd6 28. a3 Rhg8 29. a4 Be2 30. Bf3 Bxd3 31. c5+ bxc5 32. dxc5+ Kxc5 33. Rxe8 Rxe8 34. Rc1+ Kd6 35. Rd1 Bg6 36. a5 Re5 37. Rc1 c5 38. Rd1 d4 39. Rc1 Rf5+ 40. Ke4 Re5+ 41. Kf4 d3 42. Rd1 c4 43. g4 c3 44. gxh5 Bh7 45. h6 c2 46. Rc1 d2 47. Rg1 c1=Q 0-1


[Site "https://www.chess.com"]

[Event "Titled Tuesday Blitz April 05 Early 2022"]
[White "Timofeev, Artyom"]
[Black "Iljin, Timofey"]
[WhiteFideId "4140419"]
[BlackFideId "14110180"]
[WhiteElo "2594"]
[BlackElo "2396"]
[Result "1-0"]
[Round "01"]
[TimeControl "180+1"]
[Date "2022.04.05"]
[WhiteClock "0:01:00"]
[BlackClock "0:00:09"]

1. e4 e5 2. Nf3 Nc6 3. Bb5 a6 4. Ba4 Nf6 5. d3 b5 6. Bb3 Bc5 7. O-O d6 8. c3 O-O 9. Nbd2 Bb6 10. h3 Ne7 11. Re1 Ng6 12. Nf1 h6 13. Ng3 c6 14. d4 Re8 15. Be3 Nf4 16. Kh2 Be6 17. Bxe6 Rxe6 18. Qd2 N6h5 19. Rad1 Qc7 20. Nf5 Rg6 21. g3 Ne6 22. dxe5 dxe5 23. Bxb6 Qxb6 24. Ne7+ Kh7 25. Nxg6 fxg6 26. Nxe5 Rf8 27. Rf1 Ng5 28. Qe3 Qxe3 29. fxe3 Re8 30. Nxc6 Rxe4 31. Rde1 Nf6 32. Nb4 a5 33. Nc2 h5 34. Kg2 h4 35. Rf4 Re8 36. Rxh4+ Kg8 37. Rd4 Nfe4 38. Rf1 Nf7 39. Rd5 Nfd6 40. Rfd1 Nf7 41. Rxb5 Nf6 42. Rxa5 Rb8 43. b4 Nh6 44. g4 Nf7 45. Rc5 Re8 46. a4 Ne4 47. Rc6 Nf6 48. a5 Ne5 49. Rcd6 Ne4 50. Rd8 Kf7 51. Rxe8 Kxe8 52. a6 Nxc3 53. a7 Nxd1 54. a8=Q+ Ke7 55. Qe4 Kf6 56. Qf4+ Ke6 57. Nd4+ Kd6 58. Nf3 Nxe3+ 59. Qxe3 Nc4 60. Qd4+ Ke7 61. Qxc4 Kf6 62. b5 g5 63. b6 g6 64. Nd4 Kg7 65. b7 Kh6 66. b8=Q Kg7 67. Qe5+ Kh6 68. Qh8# 1-0


[Site "https://www.chess.com"]

[Event "Titled Tuesday Blitz April 05 Early 2022"]
[White "Todorovic, Bojan"]
[Black "Shahaliyev, Ismayil"]
[WhiteFideId "917087"]
[BlackFideId "13406388"]
[WhiteElo "2266"]
[BlackElo "2105"]
[Result "0-1"]
[Round "01"]
[TimeControl "180+1"]
[Date "2022.04.05"]
[WhiteClock "0:00:11"]
[BlackClock "0:00:10"]

1. d4 Nf6 2. Bg5 Ne4 3. Bf4 c5 4. d5 Qb6 5. Bc1 e6 6. f3 Nf6 7. c4 exd5 8. cxd5 c4 9. Nc3 Bc5 10. Nh3 d6 11. Na4 Qa5+ 12. Bd2 Bb4 13. Nc3 Bxh3 14. gxh3 Na6 15. Rg1 O-O 16. a3 Bc5 17. Ne4 Nxe4 18. fxe4 Qb6 19. e3 Bxe3 20. Rg2 Rfe8 21. Bc3 Bh6 22. Qg4 Qe3+ 23. Be2 Rxe4 24. Qh5 Nc5 25. Bd2 Nd3+ 26. Kd1 Qxd2# 0-1


[Site "https://www.chess.com"]

[Event "Titled Tuesday Blitz April 05 Early 2022"]
[White "Tregubov, Pavel V."]
[Black "Samaganova, Aleksandra"]
[WhiteFideId "4115341"]
[BlackFideId "13800221"]
[WhiteElo "2341"]
[BlackElo "1859"]
[Result "1-0"]
[Round "01"]
[TimeControl "180+1"]
[Date "2022.04.05"]
[WhiteClock "0:01:34"]
[BlackClock "0:00:06"]

1. e4 c5 2. Nf3 e6 3. c3 Nf6 4. e5 Nd5 5. d4 cxd4 6. cxd4 d6 7. Bc4 Nc6 8. O-O Be7 9. Qe2 O-O 10. Rd1 a6 11. Bd2 b5 12. Bb3 Bb7 13. Nc3 Nxc3 14. Bxc3 d5 15. Bc2 b4 16. Bd2 a5 17. Qd3 g6 18. Bh6 Re8 19. Ba4 Rc8 20. Rac1 Bf8 21. Qe3 Bg7 22. h4 f6 23. Bxg7 Kxg7 24. exf6+ Qxf6 25. Ne5 Nxe5 26. dxe5 Qxh4 27. Bxe8 Rxe8 28. Rc7+ Re7 29. g3 d4 30. gxh4 dxe3 31. Rxe7+ 1-0


[Site "https://www.chess.com"]

[Event "Titled Tuesday Blitz April 05 Early 2022"]
[White "Turner, Max N"]
[Black "Naroditsky, Daniel"]
[WhiteFideId "447722"]
[BlackFideId "2026961"]
[WhiteElo "2078"]
[BlackElo "2608"]
[Result "0-1"]
[Round "01"]
[TimeControl "180+1"]
[Date "2022.04.05"]
[WhiteClock "0:00:03"]
[BlackClock "0:00:16"]

1. d4 Nf6 2. c4 g6 3. g3 Bg7 4. Bg2 O-O 5. Nc3 d6 6. Nf3 Nbd7 7. O-O e5 8. h3 c6 9. e4 Qa5 10. Qc2 exd4 11. Nxd4 Qc5 12. Nce2 Ne5 13. b3 d5 14. Be3 Qa5 15. f4 Ned7 16. cxd5 cxd5 17. e5 Ne4 18. Bxe4 dxe4 19. Qxe4 Nc5 20. Qg2 Bd7 21. a3 Qa6 22. Rfd1 Rac8 23. b4 Na4 24. Rac1 Nb2 25. Rxc8 Bxc8 26. Ra1 b6 27. b5 Qa5 28. Qd5 Qa4 29. Qb3 Qxb3 30. Nxb3 Bxh3 31. Rc1 Rc8 32. Rxc8+ Bxc8 33. Nbd4 Nc4 34. Bc1 Bf8 35. Nc6 a6 36. a4 axb5 37. axb5 Bc5+ 38. Ned4 Bd7 39. Kf1 Bg4 40. Kf2 h5 41. Kf1 Kf8 42. Ne2 Ke8 43. Nc3 Bf3 44. Na7 Kd7 45. Nc6 Bxc6 46. bxc6+ Kxc6 47. Ke2 b5 48. Kd3 Be7 49. Ne4 Nb6 50. Be3 Nd5 51. Bd4 h4 52. gxh4 Nxf4+ 53. Ke3 Nd5+ 54. Kf3 Bxh4 55. Nd2 Be7 56. Ke4 Nc7 57. Nb3 Ne6 58. Bb2 Bd8 59. Bc3 Nc5+ 60. Nxc5 Kxc5 61. Bb2 Kc4 62. Bd4 b4 63. Bb2 b3 64. e6 fxe6 65. Ke5 Ba5 66. Kxe6 Bc3 67. Bc1 Bd2 68. Bb2 Kd3 69. Kf6 Bc3+ 0-1


[Site "https://www.chess.com"]

[Event "Titled Tuesday Blitz April 05 Early 2022"]
[White "Tymrakiewicz, Rafal"]
[Black "Hamidi, Amir Mohammad"]
[WhiteFideId "1108832"]
[BlackFideId "12563285"]
[WhiteElo "2205"]
[BlackElo "2273"]
[Result "1/2-1/2"]
[Round "01"]
[TimeControl "180+1"]
[Date "2022.04.05"]
[WhiteClock "0:00:08"]
[BlackClock "0:00:08"]

1. d4 g6 2. Bg5 Bg7 3. e3 c5 4. c3 Nf6 5. Nd2 O-O 6. Ngf3 d5 7. Bd3 Nbd7 8. O-O Qc7 9. Bf4 Qb6 10. Rb1 Nh5 11. Bg5 e5 12. dxe5 Nxe5 13. Nxe5 Bxe5 14. f4 Bg7 15. c4 dxc4 16. Nxc4 Qc7 17. f5 b5 18. fxg6 hxg6 19. Be4 Be6 20. Nd6 Rab8 21. g4 Bxg4 22. Qxg4 Qxd6 23. Rbd1 Qe5 24. Bd5 Qxb2 25. Be7 Kh7 26. Bxf8 Rxf8 27. Bxf7 Rxf7 28. Rxf7 Qxa2 29. Rdf1 Qd5 30. Rxa7 b4 31. Rff7 b3 32. Rxg7+ Nxg7 33. Qh4+ Qh5 34. Qxh5+ gxh5 35. Rb7 c4 36. Rb4 b2 37. Rxb2 Nf5 38. Rb7+ Kg6 39. Rc7 Nxe3 40. Kf2 Ng4+ 41. Kg3 Ne5 42. Rc5 Kf5 43. h3 Ke4 44. Kh4 Kd4 45. Rc8 c3 46. Kxh5 Nc4 47. Rd8+ Ke3 48. Re8+ Kd2 49. Ra8 Kd3 50. Kg5 c2 51. Ra1 Nd2 52. Rc1 Nf3+ 53. Kg4 Ne5+ 54. Kf5 Nf3 55. Kg4 Ne5+ 56. Kf4 Ng6+ 57. Kg5 Ne5 58. Kf4 Ng6+ 59. Kg5 Ne5 60. Kf5 Nf3 61. Kf4 Nh4 62. Kg4 Ng6 63. h4 Nxh4 64. Kxh4 Kd2 65. Rxc2+ Kxc2 1/2-1/2


[Site "https://www.chess.com"]

[Event "Titled Tuesday Blitz April 05 Early 2022"]
[White "Urbina Quiroz, Edwin"]
[Black "Manukyan, Sargis A."]
[WhiteFideId "6500650"]
[BlackFideId "13303970"]
[WhiteElo "2152"]
[BlackElo "2187"]
[Result "0-1"]
[Round "01"]
[TimeControl "180+1"]
[Date "2022.04.05"]
[WhiteClock "0:00:11"]
[BlackClock "0:00:34"]

1. e4 c5 2. Nf3 d6 3. d4 cxd4 4. Nxd4 Nf6 5. Nc3 g6 6. Be3 Bg7 7. f3 O-O 8. Bc4 Nc6 9. h4 Bd7 10. h5 Rc8 11. Bb3 Nxd4 12. Bxd4 b5 13. hxg6 hxg6 14. Qd2 a5 15. Bxf6 exf6 16. O-O-O a4 17. Bd5 f5 18. Ne2 Qf6 19. Nd4 a3 20. b3 fxe4 21. fxe4 Bg4 22. Kb1 Bxd1 23. Rxd1 Rc5 24. c3 b4 25. cxb4 Rc7 26. b5 Rfc8 27. Bc6 Qe5 28. Qd3 Rb8 29. Qc4 Rcc8 30. Rf1 Rc7 31. Rd1 Qg3 32. Qe2 Qc3 33. Qd2 Qc5 34. Qd3 Qg5 35. Rd2 Qh4 36. Nf3 Qh1+ 37. Rd1 Qxg2 38. Nd4 Qb2# 0-1


[Site "https://www.chess.com"]

[Event "Titled Tuesday Blitz April 05 Early 2022"]
[White "Vasquez Schroeder, Rodrigo"]
[Black "Golubeva, Oksana"]
[WhiteFideId "3400042"]
[BlackFideId "4170164"]
[WhiteElo "2561"]
[BlackElo "2162"]
[Result "1-0"]
[Round "01"]
[TimeControl "180+1"]
[Date "2022.04.05"]
[WhiteClock "0:00:50"]
[BlackClock "0:00:29"]

1. e4 e6 2. d4 d5 3. Nc3 Bb4 4. e5 c5 5. Bd2 a6 6. Qg4 Ne7 7. dxc5 Bxc5 8. Qxg7 Rg8 9. Qxh7 Qb6 10. O-O-O Bxf2 11. Nf3 Be3 12. h4 Nbc6 13. h5 Bd7 14. h6 O-O-O 15. Qxf7 Rdf8 16. Qh5 Rf5 17. Qh2 Bxd2+ 18. Rxd2 Qe3 19. Bd3 Rxf3 20. gxf3 Nxe5 21. h7 Rh8 22. Qf2 Nxd3+ 23. cxd3 Qf4 24. Ne2 Qf5 25. Qd4 Rxh7 26. Rxh7 Qxh7 27. a3 Qh1+ 28. Ng1 Qh6 29. Kc2 Nc6 30. Qc5 Qg7 31. Ne2 Kb8 32. f4 Bc8 33. Qe3 Qf6 34. Rd1 e5 35. fxe5 Qxe5 36. Qxe5+ Nxe5 37. Nd4 Kc7 38. Rg1 Nc6 39. Kc3 Kb6 40. Rg6 Bh3 41. b4 Kc7 42. Nxc6 bxc6 43. Kd4 Bf1 44. Rf6 Be2 45. Rf2 Bh5 46. Kc5 Bg6 47. Rf3 Kd7 48. Rg3 Bf5 49. d4 1-0


[Site "https://www.chess.com"]

[Event "Titled Tuesday Blitz April 05 Early 2022"]
[White "Voege, Tobias"]
[Black "Wieczorek, Zbigniew"]
[WhiteFideId "1270513"]
[BlackFideId "1102001"]
[WhiteElo "2297"]
[BlackElo "2153"]
[Result "0-1"]
[Round "01"]
[TimeControl "180+1"]
[Date "2022.04.05"]
[WhiteClock "0:00:27"]
[BlackClock "0:00:44"]

1. d4 Nf6 2. Nf3 g6 3. g3 d5 4. Bg2 c6 5. O-O Ne4 6. c4 Bg7 7. Nc3 Nxc3 8. bxc3 O-O 9. Rb1 Nd7 10. cxd5 cxd5 11. a4 b6 12. c4 Bb7 13. c5 Bc6 14. Ba3 bxc5 15. dxc5 e5 16. e4 dxe4 17. Ng5 Qxg5 18. Qd6 Rfc8 19. h4 Qf6 20. Qd2 Qe6 21. Kh2 Nf6 22. Bh3 Ng4+ 23. Kg1 h5 24. Qa5 f5 25. Rfd1 Bf8 26. Bf1 Be7 27. Qa6 Kg7 28. Bc4 Qf6 29. Qa5 f4 30. Qe1 e3 31. fxe3 Nxe3 32. Rdc1 Qf5 33. Bb5 Qh3 34. Bxc6 Rxc6 35. Rb2 Rac8 36. Rh2 Qxg3+ 37. Qxg3 fxg3 38. Re2 Nf5 39. Rxe5 Bf6 40. Rd5 Nxh4 41. Rd7+ Kh6 42. Rxa7 Bd4+ 43. Kf1 g2+ 44. Ke2 g1=N+ 45. Rxg1 Bxg1 46. Bc1+ g5 47. a5 Bxc5 48. Bd2 Bxa7 0-1


[Site "https://www.chess.com"]

[Event "Titled Tuesday Blitz April 05 Early 2022"]
[White "Zanette, Edgard Vinicius"]
[Black "Hua, Lefong"]
[WhiteFideId "2109263"]
[BlackFideId "2602253"]
[WhiteElo "2182"]
[BlackElo "2599"]
[Result "0-1"]
[Round "01"]
[TimeControl "180+1"]
[Date "2022.04.05"]
[WhiteClock "0:00:03"]
[BlackClock "0:00:47"]

1. e4 c5 2. Nc3 g6 3. g3 Bg7 4. Bg2 Nc6 5. Nge2 d6 6. d3 Rb8 7. f4 e6 8. O-O Nge7 9. Be3 Nd4 10. Qd2 O-O 11. Rae1 b5 12. Nd1 b4 13. c3 bxc3 14. Ndxc3 Qb6 15. b3 f5 16. Na4 Qb4 17. Qxb4 Rxb4 18. Nxd4 Bxd4 19. Rf2 Kf7 20. Bxd4 Rxd4 21. Nb2 Ba6 22. Bf1 Nc6 23. Nc4 Bxc4 24. bxc4 Rb8 25. exf5 gxf5 26. Rfe2 Nd8 27. Rd2 Kf6 28. Kf2 Nf7 29. Rc1 e5 30. fxe5+ Nxe5 31. Be2 Rb4 32. h3 Nxc4 33. Rdc2 Ne5 34. Rc3 Rb2 35. R1c2 Rxc2 36. Rxc2 Nxd3+ 37. Ke3 Ne5 38. Rb2 Nc4+ 39. Bxc4 Rxc4 40. Rb7 Ra4 41. Rxh7 Rxa2 42. h4 Ra3+ 43. Kf4 Ra4+ 44. Kf3 c4 45. Rd7 d5 46. Rxd5 Ke6 47. Rc5 a5 48. h5 Kd6 49. Rxf5 c3 50. Ke2 Rd4 51. Rxa5 Rd2+ 52. Ke1 Rh2 53. g4 c2 54. Ra6+ Kd7 55. Ra7+ Kd8 56. Ra8+ Kc7 0-1


[Site "https://www.chess.com"]

[Event "Titled Tuesday Blitz April 05 Early 2022"]
[White "Zarubitski, Viachaslau"]
[Black "Przybylski, Wojciech"]
[WhiteFideId "13509373"]
[BlackFideId "1117599"]
[WhiteElo "2325"]
[BlackElo "2133"]
[Result "1-0"]
[Round "01"]
[TimeControl "180+1"]
[Date "2022.04.05"]
[WhiteClock "0:00:55"]
[BlackClock "0:00:12"]

1. e4 e5 2. Nf3 Nc6 3. Bc4 Nf6 4. d3 Ke7 5. Ng5 d5 6. exd5 Na5 7. Nc3 Nxc4 8. dxc4 Bf5 9. O-O h6 10. Nf3 e4 11. Nd4 Bg6 12. Re1 Kd7 13. f3 exf3 14. Qxf3 Kc8 15. Be3 a6 16. Rad1 Bc5 17. Qh3+ Qd7 18. Qxd7+ Kxd7 19. Nf3 Bxe3+ 20. Rxe3 Ng4 21. Re2 Rae8 22. Rde1 f6 23. h3 Ne5 24. Nxe5+ Rxe5 25. Rxe5 fxe5 26. Rxe5 Bxc2 27. c5 Re8 28. Rxe8 Kxe8 29. Kf2 Ke7 30. Ke3 Bg6 31. Kd4 Bh5 32. Ke5 Kd7 33. b4 Bg6 34. a4 Bd3 35. h4 Bf1 36. g3 Bc4 37. b5 axb5 38. axb5 Bd3 39. c6+ bxc6 40. bxc6+ Ke7 41. Ne4 Be2 42. Nc5 Bf3 43. Ne6 1-0


[Site "https://www.chess.com"]

[Event "Titled Tuesday Blitz April 05 Early 2022"]
[White "Zavgorodniy, Sergiy"]
[Black "Kaminski, Victor"]
[WhiteFideId "14110148"]
[BlackFideId "1131630"]
[WhiteElo "2420"]
[BlackElo "2181"]
[Result "0-1"]
[Round "01"]
[TimeControl "180+1"]
[Date "2022.04.05"]
[WhiteClock "0:00:17"]
[BlackClock "0:00:02"]

1. e4 e5 2. Nf3 Nc6 3. Bb5 Nf6 4. Bxc6 dxc6 5. d3 Nd7 6. O-O Bd6 7. Re1 O-O 8. Nbd2 f6 9. Nf1 c5 10. Ng3 Re8 11. h4 Bf8 12. h5 Nb8 13. Nh4 Nc6 14. Be3 Nd4 15. Bxd4 cxd4 16. Ngf5 Kh8 17. Qg4 Be6 18. Rf1 Qd7 19. f4 Bd6 20. fxe5 Bxe5 21. Rf3 Re7 22. Raf1 Ree8 23. Rh3 h6 24. Ng6+ Kh7 25. Nxe5 Bxf5 26. Qg6+ Kg8 27. Nxd7 Bxg6 28. hxg6 b6 29. e5 fxe5 30. Rf7 Re6 31. Rh5 Rae8 32. Rhf5 Rxg6 33. Rf8+ Rxf8 34. Rxf8+ Kh7 35. Nxe5 Re6 36. Nf3 c5 37. Kf2 g5 38. Rf7+ Kg6 39. Rxa7 g4 40. Nh4+ Kg5 41. g3 Rf6+ 42. Kg2 Re6 43. Rg7+ Kh5 44. Kf2 Rf6+ 45. Ke2 Re6+ 46. Kd2 Re3 47. Nf5 Rf3 48. Nd6 Rxg3 49. Ne4 Rg2+ 50. Kd1 Kh4 51. a4 h5 52. c3 Rxb2 53. cxd4 cxd4 54. Rg6 Rb4 55. Rxb6 Rxb6 0-1


[Site "https://www.chess.com"]

[Event "Titled Tuesday Blitz April 05 Early 2022"]
[White "Zhigalko, Sergei"]
[Black "Rozhkov, Viacheslav"]
[WhiteFideId "13502956"]
[BlackFideId "4181484"]
[WhiteElo "2662"]
[BlackElo "2324"]
[Result "1-0"]
[Round "01"]
[TimeControl "180+1"]
[Date "2022.04.05"]
[WhiteClock "0:00:54"]
[BlackClock "0:00:02"]

1. e4 c5 2. Nf3 Nc6 3. c3 Nf6 4. e5 Nd5 5. Bc4 Nb6 6. Bb3 c4 7. Bc2 d5 8. exd6 Qxd6 9. O-O Bg4 10. Re1 e6 11. b3 Be7 12. Na3 Ne5 13. Rxe5 Bxf3 14. Qe1 Bd5 15. bxc4 Nxc4 16. Ba4+ Kf8 17. Nxc4 Bxc4 18. d4 Bf6 19. Rc5 b5 20. Bxb5 Bxb5 21. Rxb5 h5 22. a4 Qc7 23. Qe4 Rc8 24. Rc5 Qd7 25. Ba3 Kg8 26. h3 g6 27. Rb1 Kg7 28. Rb7 Qe8 29. Rxa7 Rb8 30. Rcc7 1-0


[Site "https://www.chess.com"]

[Event "Titled Tuesday Blitz April 05 Early 2022"]
[White "Zlatin, Alexander"]
[Black "Xu, Yi"]
[WhiteFideId "2810549"]
[BlackFideId "8605564"]
[WhiteElo "2228"]
[BlackElo "2471"]
[Result "1/2-1/2"]
[Round "01"]
[TimeControl "180+1"]
[Date "2022.04.05"]
[WhiteClock "0:00:07"]
[BlackClock "0:00:05"]

1. d4 Nf6 2. Nc3 d5 3. Bf4 e6 4. e3 a6 5. Nf3 c5 6. dxc5 Bxc5 7. Bd3 Nc6 8. O-O h6 9. e4 Nb4 10. exd5 Nbxd5 11. Nxd5 Qxd5 12. Qe2 O-O 13. Rfd1 Qh5 14. h3 b5 15. Be4 Ra7 16. Bc6 Bb7 17. Bxb7 Rxb7 18. Be5 Nd5 19. Qe4 f5 20. Qe2 Rd7 21. Re1 Re8 22. c3 Qf7 23. Rad1 Nb6 24. Bd4 Bxd4 25. cxd4 Rc7 26. Ne5 Qe7 27. Rc1 Nd5 28. Rxc7 Qxc7 29. Qh5 Rf8 30. Qf3 Qc2 31. Nd3 Re8 32. a3 Qd2 33. Qe2 Qxe2 34. Rxe2 Kf7 35. Rc2 Rb8 36. Rc6 Rb6 37. Rc8 Rb7 38. Ra8 b4 39. Rxa6 bxa3 40. bxa3 Rb1+ 41. Kh2 Rd1 42. Ne5+ Kf6 43. Nf3 Ra1 44. Ra8 Ra2 45. Kg1 Ra1+ 46. Kh2 Ra2 47. Kg1 Nf4 48. a4 Ne2+ 49. Kh2 Nc3 50. a5 Rxf2 51. a6 Ra2 52. Ne5 Nb5 53. Rf8+ Kg5 54. Rf7 Rxa6 55. Rxg7+ Kf4 56. Rg6 Ke4 57. Rxh6 Nxd4 58. Nf7 Ra2 59. Ng5+ Ke5 60. Nf7+ Kd5 61. Ng5 e5 62. Rh8 Kc4 63. Re8 e4 64. h4 Kd3 65. Kg3 e3 66. h5 e2 67. h6 Ra1 68. h7 Rh1 69. Nh3 f4+ 70. Kg4 f3 71. h8=Q fxg2 72. Qh7+ Kd2 73. Rd8 g1=Q+ 74. Nxg1 Rxh7 75. Rxd4+ Ke3 76. Nxe2 Kxe2 77. Re4+ Kd3 78. Re6 Rg7+ 79. Kf5 Rg3 80. Kf6 Re3 81. Rxe3+ Kxe3 1/2-1/2


[Site "https://www.chess.com"]

[Event "Titled Tuesday Blitz April 05 Early 2022"]
[White "nobodyperfect13"]
[Black "Bachmann, Axel"]
[BlackFideId "3700488"]
[WhiteElo "1907"]
[BlackElo "2587"]
[Result "0-1"]
[Round "01"]
[TimeControl "180+1"]
[Date "2022.04.05"]
[WhiteClock "0:00:32"]
[BlackClock "0:00:03"]

1. c4 Nf6 2. g3 g6 3. Bg2 Bg7 4. Nc3 O-O 5. Nf3 c5 6. O-O Nc6 7. d4 cxd4 8. Nxd4 Qa5 9. Nc2 d6 10. h3 Qh5 11. e4 Qxd1 12. Rxd1 Nd7 13. Ne3 Bxc3 14. bxc3 Nb6 15. Bf1 Be6 16. Nd5 Rac8 17. Be3 Na4 18. Rac1 Rfe8 19. f4 b6 20. g4 Na5 21. f5 Bd7 22. f6 Nxc4 23. Bxc4 Rxc4 24. fxe7 Kg7 25. Bd4+ Kh6 26. Rf1 f5 27. exf5 gxf5 28. gxf5 Bc6 29. f6 Rg8+ 30. Kf2 Bxd5 31. Rg1 Rcc8 32. Rxg8 Rxg8 33. Rg1 Rxg1 34. Kxg1 Bf7 35. Kf2 Kg6 36. Ke3 Kf5 37. Kd2 Nc5 38. Ke3 Nd7 0-1


[Site "https://www.chess.com"]

[Event "Titled Tuesday Blitz April 05 Early 2022"]
[White "Alboredo, Julia"]
[Black "Postnikov, Daniil"]
[WhiteFideId "2124807"]
[BlackFideId "4166329"]
[WhiteElo "2041"]
[BlackElo "2261"]
[Result "0-1"]
[Round "02"]
[TimeControl "180+1"]
[Date "2022.04.05"]
[WhiteClock "0:00:06"]
[BlackClock "0:00:43"]

1. e4 e6 2. d4 d5 3. Bd3 dxe4 4. Bxe4 Nf6 5. Bf3 c5 6. Ne2 Nc6 7. Be3 Nd5 8. O-O Nxe3 9. fxe3 g6 10. c3 Bh6 11. Qd3 O-O 12. Na3 Ne5 13. Qe4 Nxf3+ 14. Qxf3 Qg5 15. Nc2 e5 16. Qf6 Bf5 17. Rxf5 Qxf5 18. Qxf5 gxf5 19. dxe5 Rad8 20. Ng3 Rd2 21. Nxf5 Rxc2 22. Nxh6+ Kg7 23. Nf5+ Kg6 24. e4 Rd8 25. Rf1 Rdd2 26. Kh1 Rxb2 27. Ne3 Kg7 28. Nf5+ Kf8 29. e6 fxe6 30. Ne3+ Ke7 31. Nc4 Rf2 32. Rd1 Rxa2 33. Ne5 Rad2 0-1


[Site "https://www.chess.com"]

[Event "Titled Tuesday Blitz April 05 Early 2022"]
[White "Alinasab, Mobina"]
[Black "Delorme, Alban"]
[WhiteFideId "12528897"]
[BlackFideId "623636"]
[WhiteElo "2031"]
[BlackElo "2197"]
[Result "1-0"]
[Round "02"]
[TimeControl "180+1"]
[Date "2022.04.05"]
[WhiteClock "0:00:03"]
[BlackClock "0:00:03"]

1. e4 c5 2. Nf3 d6 3. d4 cxd4 4. Nxd4 Nf6 5. Nc3 a6 6. h3 e5 7. Nde2 h5 8. Bg5 Be7 9. Bxf6 Bxf6 10. Nd5 Be6 11. Qd3 Nc6 12. Nec3 Rc8 13. g3 h4 14. O-O-O Nd4 15. Kb1 b5 16. f4 b4 17. Nxf6+ Qxf6 18. Nd5 Bxd5 19. exd5 hxg3 20. fxe5 dxe5 21. Qxg3 O-O 22. Bd3 a5 23. Rdf1 Qe7 24. Rhg1 f5 25. Re1 e4 26. d6 Qf6 27. d7 Rc5 28. Bxe4 fxe4 29. Rxe4 Rd5 30. Rf4 Qe7 31. Rxf8+ Qxf8 32. a3 Rxd7 33. axb4 axb4 34. Qe5 Nf3 35. Qe6+ Qf7 36. Qxf7+ Rxf7 37. Rg2 Nh4 38. Rg4 Rf1+ 39. Ka2 Nf5 40. Rxb4 Rf3 41. h4 Rh3 42. Rf4 Nxh4 43. b4 Ng6 44. Rc4 Ne5 45. Rc5 Nf7 46. b5 g5 47. b6 Nd6 48. Rc6 Nb5 49. b7 Ra3+ 50. Kb2 1-0


[Site "https://www.chess.com"]

[Event "Titled Tuesday Blitz April 05 Early 2022"]
[White "Ambartsumova, Karina"]
[Black "Astafurov, Arseniy"]
[WhiteFideId "4166299"]
[BlackFideId "24175218"]
[WhiteElo "2262"]
[BlackElo "2163"]
[Result "1-0"]
[Round "02"]
[TimeControl "180+1"]
[Date "2022.04.05"]
[WhiteClock "0:00:44"]
[BlackClock "0:00:22"]

1. d4 Nf6 2. Nf3 d5 3. c4 c6 4. g3 dxc4 5. Bg2 b5 6. Ne5 Bb7 7. O-O e6 8. a4 a6 9. Nc3 Be7 10. axb5 axb5 11. Rxa8 Bxa8 12. Nxb5 cxb5 13. Bxa8 Nd5 14. Nc6 Qd6 15. Nxb8 Qxb8 16. Bc6+ Kf8 17. e4 Nb4 18. d5 Bc5 19. Be3 Bxe3 20. fxe3 Ke7 21. dxe6 Qd6 22. Rxf7+ Kxe6 23. Bd7+ Ke5 24. Rf5+ Kxe4 25. Qxd6 1-0


[Site "https://www.chess.com"]

[Event "Titled Tuesday Blitz April 05 Early 2022"]
[White "Araujo Filho, Luiz Antonio Coel"]
[Black "Odegov, Artem"]
[WhiteFideId "2130661"]
[BlackFideId "34183644"]
[WhiteElo "2254"]
[BlackElo "2286"]
[Result "1/2-1/2"]
[Round "02"]
[TimeControl "180+1"]
[Date "2022.04.05"]
[WhiteClock "0:00:09"]
[BlackClock "0:00:06"]

1. d4 Nf6 2. Nf3 c5 3. e3 d5 4. c3 Nc6 5. Nbd2 g6 6. Qa4 Bg7 7. dxc5 O-O 8. Be2 Bf5 9. O-O e5 10. b4 Qc7 11. Bb2 Rae8 12. Rfe1 h6 13. c4 d4 14. exd4 exd4 15. Nxd4 Nxd4 16. Bxd4 Rxe2 17. Rxe2 Ng4 18. Nf3 Bxd4 19. Rd1 Bg7 20. h3 Nf6 21. Qxa7 Ne4 22. Rde1 Bc3 23. Rxe4 Bxe4 24. Rxe4 Bxb4 25. Qb6 Qxb6 26. cxb6 Bc5 27. Re5 Bxb6 28. Rb5 Bd8 29. Rxb7 Bf6 30. c5 Rc8 31. Rb5 Ra8 32. c6 Rxa2 33. c7 Rc2 34. Rb8+ Kg7 35. c8=Q Rxc8 36. Rxc8 h5 37. Rc4 g5 38. g3 Kg6 39. Kg2 Bg7 40. Ra4 f6 41. Ra6 Bf8 42. Ne1 Bb4 43. Nc2 Bc3 44. f3 Be5 45. Kf2 h4 46. gxh4 gxh4 47. Ke2 Kf5 48. Kf2 Kf4 49. Ra4+ Kg5 50. Kg2 Bd6 51. Ne1 Bg3 52. Nd3 f5 53. f4+ Kh5 54. Kf3 Bh2 55. Ra5 Kg6 56. Ra6+ Kh5 57. Rf6 Bxf4 58. Nxf4+ Kg5 59. Ra6 1/2-1/2


[Site "https://www.chess.com"]